 Dungeon Crawl Stone Soup version 0.24.0-1-gfbc8707 (webtiles) character file.

Game seed: 13916731557707659820, levelgen mode: deterministic

27 Buxparty the Gusty (level 2, 0/20 HPs)
             Began as a Demigod Air Elementalist on Dec 28, 2019.
             Slain by a bat (1 damage)
             ... on level 1 of the Dungeon.
             The game lasted 00:07:15 (679 turns).

Buxparty the Gusty (Demigod Air Elementalist)        Turns: 679, Time: 00:07:15

Health: 0/20       AC:  2    Str: 11    XL:     2   Next: 72%
Magic:  7/7        EV: 13    Int: 19    God:
Gold:   10         SH:  0    Dex: 16    Spells: 4/5 levels left

rFire    . . .     SeeInvis .   (no weapon)
rCold    . . .     Gourm    .   (no shield)
rNeg     . . .     Faith    .   a - +0 robe
rPois    .         Spirit   .   (no helmet)
rElec    .         Reflect  .   (no cloak)
rCorr    .         Harm     .   (no gloves)
MR       .....                  (no boots)
Stlth    ++........             (no amulet)
HPRegen  0.06/turn              (no ring)
MPRegen  0.10/turn              (no ring)

@: no status effects
A: high mp 1
a: no special abilities


You were on level 1 of the Dungeon.
You were not hungry.

You visited 1 branch of the dungeon, and saw 1 of its levels.

You collected 10 gold pieces.

Inventory:

Armour
 a - a +0 robe (worn)
Potions
 b - a potion of invisibility {unknown}
 d - 2 potions of lignification {unknown}
Comestibles
 c - 2 rations


   Skills:
 + Level 2.0 Dodging
 + Level 1.8 Stealth
 + Level 2.0 Spellcasting
 + Level 1.0 Conjurations
 + Level 3.3 Air Magic


You had 4 spell levels left.
You knew the following spells:

 Your Spells              Type           Power        Failure   Level  Hunger
a - Shock                 Conj/Air       ##..         7%          1    #......

Your spell library contained the following spells:

 Spells                   Type           Power        Failure   Level  Hunger
 Swiftness                Chrm/Air       #.......     13%         2    ###....
 Static Discharge         Conj/Air       ##......     21%         3    ###....
 Airstrike                Air            ##........   38%         4    #####..
 Lightning Bolt           Conj/Air       ##........   88%         5    ######.


Dungeon Overview and Level Annotations

Branches:
Dungeon (1/15)


Innate Abilities, Weirdness & Mutations

You have an increased reservoir of magic. (+10% MP)


Message History

You see here a robe.
The worker ant twitches its antennae in your direction.
The bat barely misses you. The bat closely misses you.
The bat hits you but does no damage. The bat barely misses you.
The bat closely misses you. The bat misses you. The bat barely misses you.
The bat misses you. The bat completely misses you. The bat misses you.
The bat hits you but does no damage. The bat barely misses you.
The bat closely misses you. The bat closely misses you.
The bat closely misses you. The bat hits you but does no damage.
The bat barely misses you. The bat completely misses you. The bat misses you.
The bat closely misses you. The bat hits you.
* * * LOW HITPOINT WARNING * * *
The bat hits you but does no damage. The bat hits you.
* * * LOW HITPOINT WARNING * * *
The bat hits you.
You die...

#.#...# #.##.#
#.###.#######.....
#.###.........##.#
#.......#.#.####..
#.#####.#.........
#.# ##.#b#.####..
#.# #..#.#.# #.# #.#
#....#.####.#
###@########.......#
####.8b8.####
######...
###.8...b...8.### #
#...............#
#.8..#######..8.#
#....#khhla#....#
#.8..#######..8(#
#..........[....#
###.............#


You could see 2 bats.

Vanquished Creatures
  A gnoll (D:1)
  2 dart slugs (D:1)
  3 giant cockroaches (D:1)
  2 goblins (D:1)
  A hobgoblin (D:1)
  2 kobolds (D:1)
  A rat (D:1)
12 creatures vanquished.

Notes
Turn   | Place    | Note
-------+----------+-------------------------------------------
     0 | D:1      | Buxparty the Demigod Air Elementalist began the quest for
                  | the Orb.
     0 | D:1      | Reached XP level 1. HP: 14/14 MP: 5/5
     7 | D:1      | Noticed a rime drake
     7 | D:1      | Noticed a black bear
     7 | D:1      | Noticed a hound
     7 | D:1      | Noticed an iguana
     7 | D:1      | Noticed a worker ant
   121 | D:1      | Reached skill level 1 in Conjurations
   121 | D:1      | Reached skill level 3 in Air Magic
   121 | D:1      | Reached XP level 2. HP: 14/20 MP: 0/7
   651 | D:1      | HP: 1/20 [bat (1)]
   678 | D:1      | HP: 1/20 [bat (1)]
   679 | D:1      | Slain by a bat

Levels and vault maps discovered:
D:1:      onia_arrival_zoo_common, layout_loops_ring

Skill      XL: |  1  2 |
---------------+-------+-----
Dodging        | 2 |  2.0
Conjurations   | 1 |  1.0
Air Magic      | 3 |  3.3
Spellcasting   | 2 |  2.0
Stealth        | |  1.8

Action                   || total
-------------------------++-------
Melee: Unarmed           ||    12
 Cast: Shock             ||    45
Armor: Robe              ||    51
Dodge: Dodged            ||   124
